 Dungeon Crawl Stone Soup version 0.31.0-12-g77e489cdc1 (webtiles) character file.

Game seed: 12404386176142747655

72 lordive the Insei (level 4, 0/24 HPs)
             Began as a Merfolk Shapeshifter on Feb 28, 2024.
             Slain by an orc
             ... wielding a +0 dagger
              (4 damage)
             ... on level 3 of the Dungeon.
             The game lasted 00:03:09 (1458 turns).

lordive the Insei (Merfolk Shapeshifter)            Turns: 1458, Time: 00:03:09

Health: 0/24       AC:  1    Str: 14    XL:     4   Next: 26%
Magic:  4/4        EV: 17    Int:  9    God:
Gold:   98         SH:  0    Dex: 15    Spells: 3/3 levels left

rFire   . .          .
                       - Unarmed
rCold   . . .        (shield currently unavailable)
rNeg    . . .        a - melded +0 animal skin
rPois   .            (no helmet)
rElec   .            g - +0 cloak
rCorr   .            (no gloves)
SInv    .            (no boots)
Will    .....        (no amulet)
Stlth   +            (no ring)
HPRegen 0.24/turn    (no ring)
MPRegen 0.09/turn

%: no passive effects
@: confused, flux-form, glowing
A: glow, contaminating, reduced hp, (nimble swimmer 2), mertail
a: Begin Untransformation


You were on level 3 of the Dungeon.
You were something dangerously unstable.
You visited 1 branch of the dungeon, and saw 3 of its levels.

You collected 98 gold pieces.

Inventory:

Armour
 a - a +0 animal skin (melded)
 g - a +0 cloak (worn)
Jewellery
 k - a ring of ice
Talismans
 c - a beast talisman
 d - a flux talisman (active)
Scrolls
 e - a scroll of poison {unknown}
 h - a scroll of identify {unknown}
 i - a scroll of summoning {unknown}
 l - a scroll of blinking {unknown}
 n - a scroll of immolation {unknown}
Potions
 b - 3 potions of lignification
 f - 2 potions of haste {unknown}
 j - a potion of invisibility {unknown}
 m - 2 potions of curing {unknown}
 o - a potion of mutation {unknown}


   Skills:
 + Level 1.3 Fighting
 + Level 3.0 Dodging
 + Level 4.8 Unarmed Combat
 + Level 4.6 Shapeshifting


You had 3 spell levels left.
You didn't know any spells.
Your spell library was empty.

Dungeon Overview and Level Annotations

Branches:
Dungeon (3/15)

Altars:
Zin


Innate Abilities, Weirdness & Mutations

You are something dangerously unstable.
You glow with magical radiation, making you easy to see and hit.
Foes you strike become dangerously contaminated with magical radiation.
Your maximum health is decreased, since you lack skill for your form.
You are incapable of wielding weapons or throwing items.
((You are very nimble when in or above water. (Stealth+, EV+, Speed+++)))
Your lower body shifts to a powerful aquatic tail in water.


Message History

You closely miss the orc wizard. You hit the orc.
The orc begins to glow.
The orc is almost dead.
You hit the orc.
You kill the orc!
The orc wizard hits you with a +0 dagger.
The orc misses you.
You barely miss the orc wizard.
The orc wizard points at you and mumbles some strange words.
You are confused.
The orc closely misses you.
You are too confused!
You are too confused!
You are too confused!
You are too confused!
You bump into the rock wall.
The orc wizard barely misses you. The orc misses you.
The orc wizard closely misses you. The orc misses you.
You see here a +0 whip.
The orc wizard gestures at you while chanting.
You are more confused.
The orc throws a boomerang.
The boomerang misses you.
Found a glowing silver altar of Zin.
You closely miss the orc wizard.
The orc wizard hits you with a +0 dagger.
The orc completely misses you.
You closely miss the orc wizard.
The orc wizard points at you and mumbles some strange words.
You are more confused.
The orc closely misses you.
The orc wizard points at you and mumbles some strange words.
The magic dart hits you!
* * * LOW HITPOINT WARNING * * *
The orc wizard hits you with a +0 dagger.
* * * LOW HITPOINT WARNING * * *
The orc misses you.
The orc wizard hits you with a +0 dagger.
* * * LOW HITPOINT WARNING * * *
The orc hits you with a +0 dagger.
You die...

#..#.# +. #..#.# #..
#..#.#### ..
#.###..#.##.# # ...
#......#.#... .#...
#........##.###....
##......####.#....# .
#..........#)..#.##...
##.....<...#po........
#.....<..>..o#.......
#..............≈≈≈≈≈≈
.........###.##.§.....
##.......# #.# .≈.####
#.......# #.# .≈...
#.......# #.. ...#._
#.......# ### .≈.#..
##.. §#


You could see an orc wizard and an orc.

Vanquished Creatures
  2 adders (D:2)
  A dart slug (D:1)
  A ribbon worm (D:2)
  2 orcs (D:3)
  4 ball pythons
  5 endoplasms
  3 giant cockroaches
  3 goblins
  4 hobgoblins (D:1)
  2 quokkas (D:2)
  3 frilled lizards
  3 kobolds
  13 rats
  A spectral goblin (D:1)
47 creatures vanquished.

Notes
Turn   | Place    | Note
-------+----------+-------------------------------------------
     0 | D:1      | lordive the Merfolk Shapeshifter began the quest for the
                  | Orb.
     0 | D:1      | Reached XP level 1. HP: 15/15 MP: 1/1
   108 | D:1      | Reached XP level 2. HP: 13/21 MP: 2/2
   138 | D:1      | Found a faded altar of an unknown god.
   803 | D:2      | Reached XP level 3. HP: 19/26 MP: 3/3
  1106 | D:2      | Reached XP level 4. HP: 24/32 MP: 4/4
  1453 | D:3      | Found a glowing silver altar of Zin.
  1458 | D:3      | Slain by an orc

Illustrated notes

Levels and vault maps discovered:
D:1:      grunt_arrival_lava_bath, layout_loops_ring,
          dreamdust_ecumenical_altar_drowned_temple
D:2:      layout_basic, minmay_rat_gold_closets
D:3:      layout_basic, general_overflow_altar, mainiacjoe_overflow_brackets,
          gup_sewer_entry_bowl, minmay_misc_feat_secret_circle,
          kennysheep_generic_room_10, uniq_sigmund

Skill      XL: |  1  2  3  4 |
---------------+-------------+-----
Unarmed Combat | 4 |  4.8
Dodging        | 3 |  3.0
Fighting       | |  1.3
Shapeshifting  | |  4.6

Action                     |  1- 3 |  4- 6 || total
---------------------------+-------+-------++-------
  Melee: Unarmed           |   114 |    29 ||   143
 Armour: Skin              |    28 |    21 ||    49
  Dodge: Dodged            |    67 |    23 ||    90
   Form: Flux              |     1 |       ||     1
